 Dungeon Crawl Stone Soup version 0.29.0-11-gd7f09526c8 (webtiles) character file.

Game seed: 12714359304039701022

28 night the Cutter (level 3, -1/24 HPs)
             Began as a Kobold Chaos Knight on Sept 5, 2022.
             Was a Plaything of Xom.
             Slain by a gnoll
             ... wielding a +0 flail
              (10 damage)
             ... on level 2 of the Dungeon.
             The game lasted 00:02:10 (1316 turns).

night the Cutter (Kobold Chaos Knight)              Turns: 1316, Time: 00:02:11

Health: -1/24      AC:  5    Str:  9    XL:     3   Next: 30%
Magic:  3/3        EV: 14    Int: 13    God:    Xom [..*...]
Gold:   78         SH:  0    Dex: 16    Spells: 2/2 levels left

rFire   . . .      SeeInvis .   a - +0 short sword (chaos)
rCold   . . .      Faith    .   (no shield)
rNeg    . . .      Spirit   .   b - +2 leather armour
rPois   .          Reflect  .   (no helmet)
rElec   .          Harm     .   (no cloak)
rCorr   .          Rampage  .   (no gloves)
Will    .....                   (no boots)
Stlth   +++.......              (no amulet)
HPRegen 0.08/turn               (no ring)
MPRegen 0.08/turn               (no ring)

@: no status effects
A: small, no large weapons, nightstalker 3
a: Renounce Religion


You were on level 2 of the Dungeon.
You worshipped Xom.
You were a toy of Xom.
You visited 1 branch of the dungeon, and saw 2 of its levels.

You collected 78 gold pieces.

Inventory:

Hand Weapons
 a - a +0 short sword of chaos (weapon)
 i - a +2 short sword of draining
Missiles
 f - 27 stones
 k - 3 poisoned darts
Armour
 b - a +2 leather armour (worn)
Scrolls
 d - a scroll of identify
 e - 2 scrolls of magic mapping
 g - a scroll of enchant weapon
 h - a scroll of amnesia {unknown}
 l - a scroll of blinking {unknown}
Potions
 j - a potion of brilliance {unknown}
 m - a potion of cancellation {unknown}
 n - a potion of mutation {unknown}
Miscellaneous
 c - a piece from Xom's chessboard (15/15) (quivered)


   Skills:
 + Level 3.6 Fighting
 + Level 4.4 Short Blades
 - Level 1.1 Armour
 + Level 3.0 Dodging
 + Level 0.9 Stealth


You had 2 spell levels left.
You didn't know any spells.
Your spell library contained the following spells:

 Spells                   Type           Power      Damage    Failure   Level
 Ensorcelled Hibernation  Hex/Ice        0%         N/A       54%         2
 Spider Form              Tmut/Pois      0%         N/A       77%         3
 Anguish                  Hex/Necr       0%         N/A       99%         4


Dungeon Overview and Level Annotations

Branches:
Dungeon (2/15)

Altars:


Innate Abilities, Weirdness & Mutations

You are small and have problems with some larger weapons.
You are completely attuned to the shadows.


Message History

You hit the worm. You drain the worm.
The worm is almost dead.
You hit the worm.
You kill the worm!
Your Dodging skill increases to level 3!
You see here a worm corpse.
A gnoll comes into view. It is wielding a +0 flail.
Found a scroll labelled YXTIHE JIUWY DIRI.
A gnoll comes into view. It is wielding a +0 flail.
The helpless gnoll fails to defend itself.
You puncture the gnoll!
The gnoll is heavily wounded.
The gnoll hits you but does no damage.
You closely miss the gnoll.
The gnoll is heavily wounded.
The gnoll hits you with a +0 flail.
You closely miss the gnoll.
The gnoll is heavily wounded.
The gnoll misses you.
You barely miss the gnoll.
The gnoll is heavily wounded.
The gnoll hits you with a +0 flail!
You are too injured to fight recklessly!
You closely miss the gnoll.
The gnoll is heavily wounded.
You barely miss the gnoll.
The gnoll is heavily wounded.
The gnoll barely misses you.
You hit the gnoll but do no damage.
The gnoll is heavily wounded.
The gnoll misses you.
You hit the gnoll. You drain the gnoll.
The gnoll is almost dead.
Your +0 short sword of chaos is briefly surrounded by a scintillating aura of random colours.
a - a +0 short sword of chaos (weapon)
You hit the gnoll.
The gnoll flickers and vanishes!
Deactivating autopickup; reactivate with Ctrl-A.
You barely miss something. Something hits you!
You die... "Huh?
Did I miss anything?"

# #. ##.##
##...#######
#......†...#
#..!.#####.#
#?#@## #.##.#
#{# #.##.# #g.
#.##.# ###.
#.##.# .#
#.##.##
###.#...###
.......#...##
.....#......##
#######.#.#...


You could see a gnoll (very drained).

Vanquished Creatures
  A worm (D:2)
  A dart slug (D:1)
  6 giant cockroaches (D:1)
  3 hobgoblins (D:1)
  A quokka (D:1)
  3 ball pythons (D:1)
  2 bats (D:1)
  2 frilled lizards (D:1)
  3 kobolds (D:1)
  A rat (D:2)
23 creatures vanquished.

Notes
Turn   | Place    | Note
-------+----------+-------------------------------------------
     0 | D:1      | night the Kobold Chaos Knight began the quest for the Orb.
     0 | D:1      | Reached XP level 1. HP: 14/14 MP: 1/1
    99 | D:1      | XOM: 1-stop teleportation journey
   185 | D:1      | Reached skill level 1 in Armour
   191 | D:1      | Reached XP level 2. HP: 17/19 MP: 2/2
   230 | D:1      | Found a faded altar of an unknown god.
   522 | D:1      | Reached XP level 3. HP: 23/23 MP: 3/3
   864 | D:1      | XOM: silly message
  1178 | D:2      | XOM: silly message
  1316 | D:2      | Slain by a gnoll

Illustrated notes

Levels and vault maps discovered:
D:1:      minmay_arrival_arboretum_large, layout_loops_ring,
          basic_ecumenical_altar, wander_ebering_terrifying_dragon_lair
D:2:      layout_loops_ring, uniq_robin, uniq_crazy_yiuf_cottage, uniq_terence

Skill      XL: |  1  2  3 |
---------------+----------+-----
Armour         | 1 |  1.1
Dodging        | 3 |  3.0
Fighting       | |  3.6
Short Blades   | |  4.4
Stealth        | |  0.9

Action                   || total
-------------------------++-------
Melee: Short sword       ||    55
  Use: Scroll            ||     2
 Stab: Sleeping          ||    11
Armor: Leather armour    ||     8
Dodge: Dodged            ||    24
